 Dungeon Crawl Stone Soup version 0.28.0 (webtiles) character file.

Game seed: 6808907464802475544

2955 funkygono the Arsonist (level 9, -10/46 HPs)
             Began as a Gargoyle Fire Elementalist on Feb 12, 2022.
             Was a Believer of Vehumet.
             Mangled by a wyvern (13 damage)
             ... on level 8 of the Dungeon.
             The game lasted 00:31:36 (10713 turns).

funkygono the Arsonist (GrFE)                      Turns: 10713, Time: 00:31:37

Health: -10/46     AC: 12    Str: 13    XL:     9   Next: 81%
Magic:  7/20       EV: 12    Int: 25    God:    Vehumet [**....]
Gold:   439        SH:  0    Dex: 10    Spells: 3/23 levels left

rFire   . . .      SeeInvis .   q - +4 quarterstaff (chaos)
rCold   . . .      Faith    .   (shield currently unavailable)
rNeg    + + .      Spirit   .   a - +1 robe
rPois   ∞          Reflect  .   (no helmet)
rElec   +          Harm     .   r - +2 cloak {rPois}
rCorr   .          Rampage  .   (no gloves)
Will    .....                   (no boots)
Stlth   ++........              (no amulet)
HPRegen 0.15/turn               c - ring of positive energy
MPRegen 0.17/turn               j - +6 ring of intelligence

@: no status effects
A: sickness immunity, AC +6, negative energy resistance 1, electricity
resistance, torment resistance 1, petrification resistance
a: Renounce Religion


You were on level 8 of the Dungeon.
You worshipped Vehumet.
Vehumet was pleased with you.
You visited 2 branches of the dungeon, and saw 9 of its levels.
You also visited: Sewer.

You collected 439 gold pieces.

Inventory:

Hand Weapons
 l - a +0 quarterstaff of draining
 q - a +4 quarterstaff of chaos (weapon)
 s - a +0 mace
 u - a +0 vorpal whip
Missiles
 f - 238 stones
Armour
 a - a +1 robe (worn)
 h - a +0 leather armour
 r - a +2 cloak of poison resistance (worn)
Magical Staves
 t - a staff of cold
Jewellery
 c - a ring of positive energy (left hand)
 j - a +6 ring of intelligence (right hand)
Wands
 d - a wand of flame (12)
 n - a wand of mindburst (10)
 z - a wand of digging (8)
 D - a wand of acid (8)
Scrolls
 b - a scroll of identify
 g - 2 scrolls of magic mapping
 i - a scroll of blinking
 m - a scroll of fear
 o - a scroll of immolation
 y - a scroll of fog
Potions
 e - a potion of attraction
 k - 3 potions of curing
 p - a potion of mutation
 v - a potion of haste
 w - 3 potions of cancellation
 x - 3 potions of heal wounds
 A - a potion of berserk rage
 B - a potion of flight
 E - a potion of ambrosia


   Skills:
 + Level 0.4 Fighting
 + Level 1.4 Staves
 + Level 2.1 Dodging
 - Level 2.1 Stealth
 * Level 7.8 Spellcasting
 * Level 6.2 Conjurations
 + Level 1.0 Transmutations
 * Level 8.4 Fire Magic
 + Level 0.5 Earth Magic
 + Level 1.6 Poison Magic


You had 3 spell levels left.
You knew the following spells:

 Your Spells              Type           Power      Damage    Failure   Level
a - Foxfire               Conj/Fire      100%       2x1d9     1%          1
b - Scorch                Fire           100%       2d10      1%          2
c - Conjure Flame         Conj/Fire      46%        6-21      1%          3
d - Flame Wave            Conj/Fire      46%        2d10      3%          4
e - Sting                 Tmut/Pois      64%        1d6       3%          1
f - Poisonous Vapours     Pois/Air       26%        N/A       7%          2
g - Olgreb's Toxic Radia  Pois           18%        N/A       30%         4
h - Sandblast             Erth           24%        2d8       4%          1
i - Searing Ray           Conj           80%        2d7       1%          2

Your spell library contained the following spells:

 Spells                   Type           Power      Damage    Failure   Level
 Inner Flame              Hex/Fire       30%        N/A       3%          3
 Animate Skeleton         Necr           18%        N/A       6%          1
 Freeze                   Ice            36%        1d6       6%          1
 Pain                     Necr           36%        1d5       6%          1
 Frozen Ramparts          Ice            18%        1d3       19%         3
 Vampiric Draining        Necr           9%         2d6       19%         3
 Hailstorm                Conj/Ice       25%        3d7       17%         4
 Conjure Ball Lightning   Conj/Air       12%        3x3d6     95%         6
 Discord                  Hex            4%         N/A       100%        8
 Disjunction              Tloc           4%         N/A       100%        8


Dungeon Overview and Level Annotations

Branches:
Dungeon (8/15)             Temple (1/1) D:4           Sewer (visited)
   Lair: D:8-11

Altars:
Ashenzari
Cheibriados
Elyvilon
Fedhas
Gozag
Hepliaklqana
Kikubaaqudgha
Makhleb
Nemelex Xobeh
Okawaru
Qazlal
Ru
Sif Muna
Trog
Uskayaw
Vehumet
Wu Jian
Xom
Yredelemnul
Zin
The Shining One


Innate Abilities, Weirdness & Mutations

You are immune to sickness and miasma.
Your stone body is resilient. (AC +6)
You are immune to poison.
You resist negative energy. (rN+)
You are resistant to electric shocks. (rElec)
You are resistant to unholy torment.
You are immune to petrification.


Message History

Confirm with . or Enter, or press ? or * to list all spells.
You conjure some foxfire!
The foxfire hits the wyvern.
The wyvern is moderately wounded.
The foxfire hits the wyvern.
The wyvern is moderately wounded.
Unknown command.
Casting: Foxfire (safe; 1% risk of failure)
Confirm with . or Enter, or press ? or * to list all spells.
You can't see any susceptible monsters within range! (Use Z to cast anyway.) Unknown command.
Casting: Foxfire (safe; 1% risk of failure)
Confirm with . or Enter, or press ? or * to list all spells.
You conjure some foxfire!
The foxfire hits the wyvern.
The wyvern is moderately wounded.
The foxfire hits the wyvern.
The wyvern is moderately wounded.
Unknown command.
Casting: Foxfire (safe; 1% risk of failure)
Confirm with . or Enter, or press ? or * to list all spells.
Flames lash the wyvern but do no damage.
The foxfire hits the wyvern.
The wyvern is moderately wounded.
The foxfire hits the wyvern.
The wyvern is heavily wounded.
The wyvern bites you but does no damage.
Casting: Scorch (safe; 1% risk of failure)
Confirm with . or Enter, or press ? or * to list all spells.
You don't know that spell.
Okay, then.
Casting: Scorch (safe; 1% risk of failure)
Confirm with . or Enter, or press ? or * to list all spells.
You conjure some foxfire!
The wyvern bites you!
* * * LOW HITPOINT WARNING * * *
Casting: Foxfire (safe; 1% risk of failure)
Confirm with . or Enter, or press ? or * to list all spells.
Flames lash the wyvern.
The wyvern is almost dead.
The wyvern's fire resistance burns away.
The wyvern misses you. The wyvern bites you!
You die...

#. .....#..#
###.##....#..#
#.........#..###
..............<#
....[....##..###
.............#
........§##.##
##.#......###.#
........l@v#.#
##
.#.#.####v#.####
?. ...# #......#
# #.#.#.####
########
#!###.#.#....#
#.#....##..#.#
#.......)....#
#.#.......####
#...........###


You could see a wyvern (combustible, ally target).

Vanquished Creatures
  Joseph (D:7)
  A troll (D:6)
  Sigmund (D:6)
  A steam dragon (D:8)
  A water moccasin (D:5)
  A sky beast (D:7)
  An ogre (D:5)
  A centaur (D:6)
  A phantom (D:4)
  4 kobold brigands (Sewer)
  4 scorpions
  A water moccasin zombie (D:5)
  2 howler monkeys (D:7)
  2 centaur zombies
  A bullfrog zombie (D:6)
  3 jellies
  4 centaur skeletons
  2 orc priests
  Crazy Yiuf (D:2)
  A bullfrog skeleton (D:6)
  3 hounds
  3 iguanas
  A scorpion zombie (D:5)
  2 orc wizards
  3 hound skeletons
  4 gnolls (D:7)
  10 adders
  4 river rats (Sewer)
  4 white imps
  2 ufetubi (D:4)
  An adder skeleton (D:5)
  7 worms
  3 dart slugs
  20 orcs
  15 endoplasms
  10 giant cockroaches
  6 goblins
  7 hobgoblins
  7 jackals
  2 quokkas
  6 ball pythons
  5 bats
  A frilled lizard (D:2)
  10 kobolds
  6 rats
176 creatures vanquished.

Vanquished Creatures (collateral kills)
  A foxfire (D:4)
1 creature vanquished.

Vanquished Creatures (others)
  545 foxfires
  5 fungi (D:2)
  7 plants (D:4)
557 creatures vanquished.

Grand Total: 734 creatures vanquished

Notes
Turn   | Place    | Note
-------+----------+-------------------------------------------
     0 | D:1      | funkygono the Gargoyle Fire Elementalist began the quest
                  | for the Orb.
     0 | D:1      | Reached XP level 1. HP: 10/10 MP: 3/3
   142 | D:1      | Reached XP level 2. HP: 15/15 MP: 0/5
   313 | D:1      | Learned a level 2 spell: Scorch
   397 | D:1      | Found a faded altar of an unknown god.
   948 | D:1      | Reached XP level 3. HP: 17/19 MP: 2/6
   952 | D:1      | Learned a level 3 spell: Conjure Flame
  2039 | D:2      | Reached skill level 4 in Fire Magic
  2039 | D:2      | Reached XP level 4. HP: 24/24 MP: 2/7
  2501 | D:2      | Found a runed translucent door.
  2502 | D:2      | Noticed Crazy Yiuf
  2508 | D:2      | Killed Crazy Yiuf
  3138 | D:3      | Reached XP level 5. HP: 28/28 MP: 1/9
  3874 | D:3      | Learned a level 4 spell: Flame Wave
  4252 | D:4      | Found a glowing drain.
  4298 | Sewer    | Entered a sewer
  4453 | Sewer    | Noticed a kobold brigand
  4461 | Sewer    | Killed a kobold brigand
  4462 | Sewer    | Reached XP level 6. HP: 32/32 MP: 6/11
  4501 | Sewer    | Learned a level 1 spell: Sting
  4763 | Sewer    | Reached skill level 5 in Fire Magic
  4861 | Sewer    | Reached XP level 7. HP: 36/36 MP: 8/13
  5386 | D:4      | Found a staircase to the Ecumenical Temple.
  5403 | Temple   | Entered the Ecumenical Temple
  5590 | Temple   | Became a worshipper of Vehumet
  5814 | D:4      | Found an ancient bone altar of Kikubaaqudgha.
  5844 | D:4      | Found a hazy altar of Hepliaklqana.
  6314 | D:4      | Reached skill level 5 in Spellcasting
  6314 | D:4      | Reached skill level 1 in Poison Magic
  6836 | D:5      | Entered Level 5 of the Dungeon
  6858 | D:5      | Reached skill level 6 in Fire Magic
  6898 | D:5      | Reached XP level 8. HP: 41/41 MP: 6/15
  7139 | D:5      | Learned a level 2 spell: Poisonous Vapours
  7144 | D:5      | Learned a level 4 spell: Olgreb's Toxic Radiance
  7500 | D:5      | Reached * piety under Vehumet
  7500 | D:5      | Offered knowledge of Sandblast by Vehumet.
  7503 | D:5      | Learned a level 1 spell: Sandblast
  7655 | D:5      | HP: 2/41 [ogre (19)]
  8336 | D:6      | Reached skill level 5 in Conjurations
  8583 | D:6      | Found a snail-covered altar of Cheibriados.
  8780 | D:6      | Reached skill level 7 in Fire Magic
  8885 | D:6      | Noticed a troll
  8893 | D:6      | Killed a troll
  8894 | D:6      | Reached skill level 1 in Transmutations
  8894 | D:6      | Reached XP level 9. HP: 34/45 MP: 4/19
  9155 | D:6      | Noticed Sigmund
  9160 | D:6      | Killed Sigmund
  9368 | D:7      | You fall into a shaft and drop 1 floor!
  9515 | D:7      | Reached ** piety under Vehumet
  9515 | D:7      | Offered knowledge of Searing Ray by Vehumet.
  9516 | D:7      | Reached skill level 1 in Staves
  9868 | D:7      | Reached skill level 8 in Fire Magic
 10182 | D:7      | Noticed Joseph
 10189 | D:7      | Killed Joseph
 10671 | D:7      | Learned a level 2 spell: Searing Ray
 10713 | D:8      | Mangled by a wyvern

Illustrated notes

Levels and vault maps discovered:
D:1:      roderic_dead_forest, layout_basic, basic_ecumenical_altar,
          minmay_worlds_worst_comb
D:2:      layout_loops_ring, minmay_tetromino_o2, uniq_crazy_yiuf_cottage
D:3:      layout_basic, minmay_quantized
D:4:      layout_basic, mainiacjoe_overflow_catch_the_wave,
          minmay_temple_entry_gardened_gates, cheibrodos_sewer_entry_sluice,
          grunt_tough_drop
D:5:      layout_basic
D:6:      layout_basic, kennysheep_mini_moat, serial_corexii_hall,
          chequers_hall_statues_y, chequers_hall_statues_corner_a,
          chequers_hall_statues_wall_a, corexii_hall_statues_i, uniq_sigmund
D:7:      nicolae_BIG_FREAKIN_CUBE, layout_rooms, minmay_misc_feat_ornament,
          uniq_joseph
D:8:      layout_basic, erik_lair_orcish_takeover, uniq_pikel
Temple:   dpeg_five_rooms_temple

Skill      XL: |  1  2  3  4  5  6  7  8  9 |
---------------+----------------------------+-----
Conjurations   | 2 3 4 5 6 |  6.2
Fire Magic     | 4 5 6 7 8 |  8.4
Spellcasting   | 3 4 5 6 7 |  7.8
Poison Magic   | 1 |  1.6
Dodging        | 2 |  2.1
Transmutations | 1 |  1.0
Staves         | 1 |  1.4
Fighting       | |  0.4
Stealth        | |  2.1
Earth Magic    | |  0.5

Action                   |  1- 3 |  4- 6 |  7- 9 || total
-------------------------+-------+-------+-------++-------
Melee: Unarmed           |     8 |       |       ||     8
       Club              |    28 |    10 |       ||    38
       Quarterstaff      |       |     2 |    14 ||    16
 Cast: Foxfire           |    51 |    95 |   182 ||   328
       Scorch            |     3 |    13 |    62 ||    78
       Sting             |       |       |    10 ||    10
       Sandblast         |       |       |     3 ||     3
       Flame Wave        |       |       |     1 ||     1
  Use: Scroll            |       |       |    22 ||    22
Armor: Robe              |    23 |     3 |    42 ||    68
Dodge: Dodged            |    59 |     5 |    69 ||   133
